Monsters vs Bruins

Created - Friday, December 12, 2014 at 23:58

Goals
1 2 3 T
Monsters 0 0 0 0
Bruins 7 2 1 10
Shots
1 2 3 T
Monsters 4 6 2 12
Bruins 10 10 8 28

1st period

1. Bruins , Derek Dorsett 11 (Jim Slater) at 0:41 (PP)
2. Bruins , Patrick Cehlin 3 (Tim Sestito, Buddy Robinson) at 1:58
3. Bruins , Marc Hagel 1 (Scott Timmins, Brandon Alderson) at 6:40
4. Bruins , Derek Dorsett 12 (Jim Slater) at 15:10
5. Bruins , Kael Mouillierat 6 (Patrick Bordeleau, Simon Moser) at 17:03
6. Bruins , Raman Hrabarenka 1 (Patrick Bordeleau) at 18:37 (PP)
7. Bruins , Tim Sestito 10 (Raman Hrabarenka) at 19:03

Penalties :
Matthew Corrente (LAM) for Roughing (Minor) at 0:08, Patrick Bordeleau (Pro) for Fighting (Major) at 4:21, Raphael Bussieres (LAM) for Fighting (Major) at 4:21, Brandon Manning (Pro) for Fighting (Major) at 9:15, Matthew Corrente (LAM) for Fighting (Major) at 9:15, Derek Dorsett (Pro) for High sticking (Minor) at 9:53, Brett Hextall (LAM) for Roughing (Minor) at 17:10, Derek Dorsett (Pro) for Fighting (Major) at 19:48, Matthew Corrente (LAM) for Fighting (Major) at 19:48

2nd period

8. Bruins , Buddy Robinson 2 (Tim Sestito, Patrick Cehlin) at 3:17
9. Bruins , Derek Dorsett 13 (Jim Slater) at 10:04

Penalties :
Kael Mouillierat (Pro) for Holding (Minor) at 3:54, Jake Newton (Pro) for Fighting (Major) at 12:51, Justin Mercier (LAM) for Fighting (Major) at 12:51, Buddy Robinson (Pro) for Fighting (Major) at 14:48, Matthew Corrente (LAM) for Fighting (Major / Game Misconduct) at 14:48

3rd period

10. Bruins , Patrick Bordeleau 15 (Kael Mouillierat) at 11:14 (PP)

Penalties :
Derek Dorsett (Pro) for Fighting (Major) at 0:50, Paul Bissonnette (LAM) for Fighting (Major) at 0:50, Conor Allen (Pro) for Hooking (Minor) at 8:47, Farm Player27 (LAM) for Hooking (Minor) at 11:11, Farm Player39 (LAM) for Slashing (Minor) at 11:37, Brandon Manning (Pro) for Roughing (Minor) at 12:51

Goalie Stats

Farm Player80 (LAM), 17 saves from 23 shots - (0.739), L, 1-22-1, 51:53 minutes
Farm Player100 (LAM), 1 saves from 5 shots - (0.200), 8:07 minutes
Philipp Grubauer (Pro), 12 saves from 12 shots - (1.000), W, 16-1-4, 60:00 minutes

Players Stats for Monsters

Player Name              G  A  P  +/- PIM S  H  SB GA TA FO     MP     PP MP  PK MP  
------------------------------------------------------------------------------------
Andrej Nestrasil         0  0  0  -4  0   1  2  2  1  2  6/18   24:00   2:57   2:35 
Andrew Joudrey           0  0  0  -3  0   2  2  2  3  0  2/6    18:34   0:49   0:00 
Ben Street               0  0  0  -1  0   1  5  0  2  3  4/11   22:15   3:05   2:35 
Brett Hextall            0  0  0   0  2   0  0  0  5  0  0/0    18:14   3:32   0:00 
Farm Player13            0  0  0   0  0   1  0  1  0  1  0/0    19:08   2:53   1:24 
Farm Player17            0  0  0  -3  0   0  0  1  0  1  0/0    23:53   4:40   2:14 
Farm Player18            0  0  0  -1  0   0  1  1  1  1  0/0    11:46   0:00   0:00 
Farm Player27            0  0  0  -1  2   0  1  0  1  1  0/0    11:45   0:00   0:00 
Farm Player32            0  0  0  -3  0   0  0  0  0  1  0/2    16:08   0:00   0:32 
Farm Player33            0  0  0   0  0   0  1  0  0  0  0/0    17:54   2:31   1:24 
Farm Player35            0  0  0  -3  0   0  1  1  0  0  0/0    19:04   3:29   0:00 
Farm Player39            0  0  0  -3  2   0  1  0  0  0  0/0     7:55   0:01   0:33 
Justin Mercier           0  0  0  -3  5   1  1  1  6  1  1/1    14:35   0:00   0:21 
Matthew Corrente         0  0  0  -3  27  0  0  0  1  0  0/0     8:19   0:49   0:48 
Max Friberg              0  0  0  -3  0   1  4  2  3  1  1/2    19:45   3:38   0:21 
Paul Bissonnette         0  0  0  -3  5   4  2  2  4  0  0/2    18:05   3:38   0:21 
Raphael Bussieres        0  0  0   0  5   1  1  1  1  1  1/1    16:29   3:32   0:00 
Tanner Richard           0  0  0  -1  0   0  0  0  0  0  1/1     7:59   0:21   0:00 

Players Stats for Bruins

Player Name              G  A  P  +/- PIM S  H  SB GA TA FO     MP     PP MP  PK MP  
------------------------------------------------------------------------------------
Anton Lander             0  0  0   2  0   0  1  2  0  0  0/0    20:52   2:07   4:44 
Brandon Alderson         0  1  1   1  0   0  0  0  0  0  0/0     9:51   0:00   0:00 
Brandon Manning          0  0  0   3  7   0  2  0  0  0  0/0    17:07   1:09   2:01 
Buddy Robinson           1  1  2   3  5   2  0  1  0  1  0/0    10:38   0:00   0:00 
Conor Allen              0  0  0   2  2   1  0  0  0  1  0/0    24:50   2:07   2:07 
Derek Dorsett            3  0  3   2  12  3  1  0  5  0  0/0    14:50   2:07   1:25 
Dmitry Korobov           0  0  0   2  0   0  0  1  1  3  0/0    26:30   2:07   3:50 
Jake Newton              0  0  0   2  5   0  0  1  0  2  0/0    16:57   0:00   3:03 
Jim Slater               0  3  3   2  0   2  1  0  3  2  13/17  20:52   2:07   4:44 
Kael Mouillierat         1  1  2   1  2   4  1  0  3  1  5/10   14:11   1:10   0:00 
Magnus Nygren            0  0  0   2  0   0  1  0  1  2  0/0    13:59   0:00   0:00 
Marc Hagel               1  0  1   1  0   1  0  0  0  0  1/1     9:11   0:00   0:00 
Patrick Bordeleau        1  2  3   1  5   2  0  1  5  0  2/2    13:19   1:10   1:27 
Patrick Cehlin           1  1  2   3  0   1  0  0  0  0  0/1    12:06   0:00   0:00 
Raman Hrabarenka         1  1  2   3  0   2  2  1  1  2  0/0    20:53   1:10   3:21 
Scott Timmins            0  1  1   1  0   1  2  0  1  0  1/3    14:18   0:00   1:27 
Simon Moser              0  1  1   1  0   0  3  0  1  1  1/2    16:23   1:10   1:00 
Tim Sestito              1  2  3   3  0   9  2  0  1  0  5/8    15:32   0:00   0:00 

3 Stars

1 - Tim Sestito (Pro)
2 - Raman Hrabarenka (Pro)
3 - Patrick Cehlin (Pro)

Power Play

Monsters - 0 on 4 Attempt(s) - 0.00%
Bruins - 3 on 4 Attempt(s) - 75.00%

Penalty Kill

Monsters - 1 on 4 Attempt(s) - 25.00% - Score 0 goal in Penalty Kill
Bruins - 4 on 4 Attempt(s) - 100.00% - Score 0 goal in Penalty Kill

Official

Referees : Unknown
Linesman : Unknown

Game Notes

Patrick Bordeleau beats up Raphael Bussieres at 4:21 of 1st period
Matthew Corrente beats up Brandon Manning at 9:15 of 1st period
Farm Player100 enters game at 15:10 of 1st period
Derek Dorsett and Matthew Corrente fight to a draw at 19:48 of 1st period
Farm Player80 enters game at 3:17 of 2nd period
Derek Dorsett has scored a Hat Trick!
Jake Newton beats up Justin Mercier at 12:51 of 2nd period
Matthew Corrente beats up Buddy Robinson at 14:48 of 2nd period
Matthew Corrente ejected from game at 14:48 of 2nd period
Derek Dorsett beats up Paul Bissonnette at 0:50 of 3rd period

Finance

Level 1 -- Attendance: 1418 (70.90%) -- Ticket Income $49,630
Level 2 -- Attendance: 695 (69.50%) -- Ticket Income $10,425
Total Attendance: 2113 (70.43%)
Total Ticket Income: $60,055
Other Income: $29,427
Total Income: $89,482

Monsters

5 vs 5 Forward 
   Center                   Left Wing                Right Wing               Time % Phy DF OF 
 1 Andrej Nestrasil         Max Friberg              Paul Bissonnette         35     1   2  2  
 2 Ben Street               Raphael Bussieres        Brett Hextall            30     1   2  2  
 3 Andrew Joudrey           Justin Mercier           Farm Player32            22     1   2  2  
 4 Tanner Richard           Andrej Nestrasil         Ben Street               13     1   2  2  

5 vs 5 Defense 
   Defense                  Defense                                           Time % Phy DF OF 
 1 Matthew Corrente         Farm Player17                                     35     1   2  2  
 2 Farm Player33            Farm Player13                                     30     1   2  2  
 3 Farm Player35            Farm Player39                                     22     1   2  2  
 4 Farm Player18            Farm Player27                                     13     1   2  2  

PowerPlay Forward 
   Center                   Left Wing                Right Wing               Time % Phy DF OF 
 1 Andrej Nestrasil         Max Friberg              Paul Bissonnette         60     1   2  2  
 2 Ben Street               Raphael Bussieres        Brett Hextall            40     1   2  2  

PowerPlay Defense
   Defense                  Defense                                           Time % Phy DF OF 
 1 Matthew Corrente         Farm Player17                                     60     1   2  2  
 2 Farm Player33            Farm Player13                                     40     1   2  2  

Penalty Kill 4 Players Forward 
   Center                   Wing                     Time % Phy DF OF 
 1 Andrej Nestrasil         Ben Street               60     1   2  2  
 2 Max Friberg              Paul Bissonnette         40     1   2  2  

Penalty Kill 4 Players Defense
   Defense                  Defense                  Time % Phy DF OF 
 1 Matthew Corrente         Farm Player17            60     1   2  2  
 2 Farm Player33            Farm Player13            40     1   2  2  

Penalty Kill - 3 Players Forward 
   Forward                                           Time % Phy DF OF 
 1 Andrej Nestrasil                                  60     1   2  2  
 2 Ben Street                                        40     1   2  2  

Penalty Kill - 3 Players Defense
   Defense                  Defense                  Time % Phy DF OF 
 1 Matthew Corrente         Farm Player17            60     1   2  2  
 2 Farm Player33            Farm Player13            40     1   2  2  

4 vs 4 Forward 
   Center                   Wing                     Time % Phy DF OF 
 1 Andrej Nestrasil         Ben Street               60     1   2  2  
 2 Max Friberg              Paul Bissonnette         40     1   2  2  

4 vs 4 Defense
   Defense                  Defense                  Time % Phy DF OF 
 1 Matthew Corrente         Farm Player17            60     1   2  2  
 2 Farm Player33            Farm Player13            40     1   2  2  

Last Minutes Offensive
   Center                   Left Wing                Right Wing               Defense                  Defense                  
   Andrej Nestrasil         Max Friberg              Paul Bissonnette         Matthew Corrente         Farm Player17            

Last Minutes Defensive
   Center                   Left Wing                Right Wing               Defense                  Defense                  
   Andrej Nestrasil         Max Friberg              Paul Bissonnette         Matthew Corrente         Farm Player17            

Goaltenders
Starting : Farm Player80            
Backup : Farm Player100           

Extra Forwards
Normal : Andrew Joudrey, Tanner Richard, Justin Mercier - PP : Andrew Joudrey, Tanner Richard - PK : Justin Mercier
Extra Defensemen
Normal : Farm Player35, Farm Player39, Farm Player32 - PP : Farm Player35 - PK : Farm Player39, Farm Player32
Penalty Shots
Andrej Nestrasil, Ben Street, Max Friberg, Paul Bissonnette, Andrew Joudrey

Bruins

5 vs 5 Forward 
   Center                   Left Wing                Right Wing               Time % Phy DF OF 
 1 Jim Slater               Anton Lander             Derek Dorsett            35     1   2  2  
 2 Kael Mouillierat         Patrick Bordeleau        Simon Moser              30     1   2  2  
 3 Tim Sestito              Patrick Cehlin           Buddy Robinson           22     1   2  2  
 4 Scott Timmins            Marc Hagel               Brandon Alderson         13     1   2  2  

5 vs 5 Defense 
   Defense                  Defense                                           Time % Phy DF OF 
 1 Dmitry Korobov           Conor Allen                                       35     1   2  2  
 2 Raman Hrabarenka         Brandon Manning                                   30     1   2  2  
 3 Magnus Nygren            Jake Newton                                       22     1   2  2  
 4 Dmitry Korobov           Conor Allen                                       13     1   2  2  

PowerPlay Forward 
   Center                   Left Wing                Right Wing               Time % Phy DF OF 
 1 Jim Slater               Anton Lander             Derek Dorsett            60     1   2  2  
 2 Kael Mouillierat         Patrick Bordeleau        Simon Moser              40     1   2  2  

PowerPlay Defense
   Defense                  Defense                                           Time % Phy DF OF 
 1 Dmitry Korobov           Conor Allen                                       60     1   2  2  
 2 Raman Hrabarenka         Brandon Manning                                   40     1   2  2  

Penalty Kill 4 Players Forward 
   Center                   Wing                     Time % Phy DF OF 
 1 Jim Slater               Anton Lander             60     1   2  2  
 2 Derek Dorsett            Patrick Bordeleau        40     1   2  2  

Penalty Kill 4 Players Defense
   Defense                  Defense                  Time % Phy DF OF 
 1 Dmitry Korobov           Conor Allen              60     1   2  2  
 2 Raman Hrabarenka         Brandon Manning          40     1   2  2  

Penalty Kill - 3 Players Forward 
   Forward                                           Time % Phy DF OF 
 1 Jim Slater                                        60     1   2  2  
 2 Anton Lander                                      40     1   2  2  

Penalty Kill - 3 Players Defense
   Defense                  Defense                  Time % Phy DF OF 
 1 Dmitry Korobov           Conor Allen              60     1   2  2  
 2 Raman Hrabarenka         Brandon Manning          40     1   2  2  

4 vs 4 Forward 
   Center                   Wing                     Time % Phy DF OF 
 1 Jim Slater               Anton Lander             60     1   2  2  
 2 Derek Dorsett            Patrick Bordeleau        40     1   2  2  

4 vs 4 Defense
   Defense                  Defense                  Time % Phy DF OF 
 1 Dmitry Korobov           Conor Allen              60     1   2  2  
 2 Raman Hrabarenka         Brandon Manning          40     1   2  2  

Last Minutes Offensive
   Center                   Left Wing                Right Wing               Defense                  Defense                  
   Jim Slater               Anton Lander             Derek Dorsett            Dmitry Korobov           Conor Allen              

Last Minutes Defensive
   Center                   Left Wing                Right Wing               Defense                  Defense                  
   Jim Slater               Anton Lander             Derek Dorsett            Dmitry Korobov           Conor Allen              

Goaltenders
Starting : Philipp Grubauer         
Backup : Carsen Chubak            

Extra Forwards
Normal : Tim Sestito, Buddy Robinson, Scott Timmins - PP : Tim Sestito, Buddy Robinson - PK : Scott Timmins
Extra Defensemen
Normal : Magnus Nygren, Jake Newton, Raman Hrabarenka - PP : Magnus Nygren - PK : Jake Newton, Raman Hrabarenka
Penalty Shots
Jim Slater, Anton Lander, Derek Dorsett, Patrick Bordeleau, Kael Mouillierat

% Time on Ice - Monsters

Lines # - Real PCT - Wanted PCT - Time Play
Normal Forward
1 - 32% - 35% - 15:46
2 - 30% - 30% - 14:43
3 - 32% - 22% - 15:36
4 - 6% - 13% - 2:42
Normal Defense
1 - 33% - 35% - 16:14
2 - 29% - 30% - 13:59
3 - 14% - 22% - 6:48
4 - 24% - 13% - 11:46
PP Forward
1 - 51% - 60% - 3:39
2 - 49% - 40% - 3:32
PP Defense
1 - 65% - 60% - 4:40
2 - 35% - 40% - 2:31
PK Forward
1 - 89% - 60% - 2:56
2 - 11% - 40% - 0:21
PK Defense
1 - 57% - 60% - 1:53
2 - 43% - 40% - 1:24
PK3 Forward
1 - 0% - 60%
2 - 0% - 40%
PK3 Defense
1 - 0% - 60%
2 - 0% - 40%
44 Forward
1 - 100% - 60% - 0:45
2 - 0% - 40% - 0:00
44 Defense
1 - 100% - 60% - 0:45
2 - 0% - 40% - 0:00
Last Minute Offensive  - 0:00
Last Minute Defensive  - 0:00
Total
Forward - 60:00
Defense - 60:00

% Time on Ice - Bruins

Lines # - Real PCT - Wanted PCT - Time Play
Normal Forward
1 - 30% - 35% - 14:48
2 - 26% - 30% - 12:42
3 - 25% - 22% - 12:06
4 - 19% - 13% - 9:11
Normal Defense
1 - 33% - 35% - 16:01
2 - 32% - 30% - 15:34
3 - 28% - 22% - 13:25
4 - 8% - 13% - 3:47
PP Forward
1 - 64% - 60% - 2:07
2 - 36% - 40% - 1:10
PP Defense
1 - 64% - 60% - 2:07
2 - 36% - 40% - 1:10
PK Forward
1 - 80% - 60% - 5:44
2 - 20% - 40% - 1:27
PK Defense
1 - 53% - 60% - 3:50
2 - 47% - 40% - 3:21
PK3 Forward
1 - 0% - 60%
2 - 0% - 40%
PK3 Defense
1 - 0% - 60%
2 - 0% - 40%
44 Forward
1 - 100% - 60% - 0:45
2 - 0% - 40% - 0:00
44 Defense
1 - 100% - 60% - 0:45
2 - 0% - 40% - 0:00
Last Minute Offensive  - 0:00
Last Minute Defensive  - 0:00
Total
Forward - 60:00
Defense - 60:00

Play by Play

1st period


0:01 of 1st period - Andrej Nestrasil wins face-off versus Jim Slater in neutral zone.
0:08 of 1st period - Minor Penalty to Matthew Corrente for Roughing.
0:09 of 1st period - Jim Slater wins face-off versus Andrej Nestrasil in Monsters zone.
0:39 of 1st period - Snap shot by Jim Slater.
0:39 of 1st period - Shot Blocked by Max Friberg.
0:41 of 1st period - Snap shot by Derek Dorsett.
0:41 of 1st period - Goal by Derek Dorsett - Monsters : 0 - Bruins : 1.
0:42 of 1st period - Raphael Bussieres wins face-off versus Kael Mouillierat in neutral zone.
1:42 of 1st period - Wrist shot by Paul Bissonnette.
1:42 of 1st period - Shot Misses the Net.
1:44 of 1st period - Snap shot by Andrej Nestrasil.
1:44 of 1st period - Shot Misses the Net.
1:48 of 1st period - Snap shot by Paul Bissonnette.
1:48 of 1st period - Stopped by Philipp Grubauer without a rebound.
1:49 of 1st period - Tim Sestito wins face-off versus Paul Bissonnette in Bruins zone.
1:58 of 1st period - Snap shot by Patrick Cehlin.
1:58 of 1st period - Goal by Patrick Cehlin - Monsters : 0 - Bruins : 2.
1:59 of 1st period - Tim Sestito wins face-off versus Andrew Joudrey in neutral zone.
3:09 of 1st period - Andrej Nestrasil is hit by Anton Lander and loses puck.
3:50 of 1st period - Snap shot by Max Friberg.
3:50 of 1st period - Shot Blocked by Dmitry Korobov.
4:21 of 1st period - Patrick Bordeleau beats up Raphael Bussieres.
4:21 of 1st period - Penalty to Patrick Bordeleau for Fighting.
4:21 of 1st period - Penalty to Raphael Bussieres for Fighting.
4:22 of 1st period - Kael Mouillierat wins face-off versus Andrew Joudrey in Monsters zone.
4:29 of 1st period - Wrist shot by Kael Mouillierat.
4:29 of 1st period - Stopped by Farm Player80 with a rebound.
4:57 of 1st period - Andrew Joudrey is hit by Raman Hrabarenka.
5:25 of 1st period - Jake Newton is hit by Max Friberg and loses puck.
6:06 of 1st period - Wrist shot by Jim Slater.
6:06 of 1st period - Shot Misses the Net.
6:20 of 1st period - Wrist shot by Brandon Alderson.
6:20 of 1st period - Shot Blocked by Paul Bissonnette.
6:22 of 1st period - Wrist shot by Marc Hagel.
6:22 of 1st period - Shot Blocked by Max Friberg.
6:24 of 1st period - Slapshot by Dmitry Korobov.
6:24 of 1st period - Shot Blocked by Farm Player35.
6:40 of 1st period - Snap shot by Marc Hagel.
6:40 of 1st period - Goal by Marc Hagel - Monsters : 0 - Bruins : 3.
6:41 of 1st period - Jim Slater wins face-off versus Ben Street in neutral zone.
6:56 of 1st period - Snap shot by Jim Slater.
6:56 of 1st period - Stopped by Farm Player80 without a rebound.
6:57 of 1st period - Jim Slater wins face-off versus Ben Street in Monsters zone.
7:18 of 1st period - Snap shot by Brett Hextall.
7:18 of 1st period - Shot Misses the Net.
7:51 of 1st period - Patrick Cehlin is hit by Justin Mercier and loses puck.
8:06 of 1st period - Jake Newton is hit by Farm Player18 and loses puck.
8:35 of 1st period - Magnus Nygren is hit by Max Friberg and loses puck.
9:10 of 1st period - Wrist shot by Ben Street.
9:10 of 1st period - Shot Misses the Net.
9:15 of 1st period - Matthew Corrente beats up Brandon Manning.
9:15 of 1st period - Penalty to Brandon Manning for Fighting.
9:15 of 1st period - Penalty to Matthew Corrente for Fighting.
9:16 of 1st period - Jim Slater wins face-off versus Paul Bissonnette in neutral zone.
9:21 of 1st period - Wrist shot by Derek Dorsett.
9:21 of 1st period - Shot Misses the Net.
9:53 of 1st period - Minor Penalty to Derek Dorsett for High sticking.
9:54 of 1st period - Ben Street wins face-off versus Jim Slater in Bruins zone.
11:13 of 1st period - Wrist shot by Ben Street.
11:13 of 1st period - Shot Misses the Net.
11:15 of 1st period - Snap shot by Farm Player13.
11:15 of 1st period - Deflect By Anton Lander.
11:15 of 1st period - Stopped by Philipp Grubauer without a rebound.
11:16 of 1st period - Patrick Bordeleau wins face-off versus Ben Street in Bruins zone.
11:27 of 1st period - Scott Timmins is hit by Ben Street and loses puck.
11:53 of 1st period - Penalty to Derek Dorsett is over, Derek Dorsett is back on ice.
12:19 of 1st period - Snap shot by Andrew Joudrey.
12:19 of 1st period - Stopped by Philipp Grubauer with a rebound.
15:10 of 1st period - Snap shot by Derek Dorsett.
15:10 of 1st period - Goal by Derek Dorsett - Monsters : 0 - Bruins : 4.
15:10 of 1st period - Farm Player100 enters game.
15:11 of 1st period - Andrej Nestrasil wins face-off versus Tim Sestito in neutral zone.
15:49 of 1st period - Brandon Manning is hit by Farm Player35 and loses puck.
16:04 of 1st period - Wrist shot by Justin Mercier.
16:04 of 1st period - Stopped by Philipp Grubauer without a rebound.
16:05 of 1st period - Andrew Joudrey wins face-off versus Scott Timmins in Bruins zone.
16:16 of 1st period - Andrew Joudrey is hit by Raman Hrabarenka and loses puck.
17:01 of 1st period - Snap shot by Kael Mouillierat.
17:01 of 1st period - Stopped by Farm Player100 with a rebound.
17:03 of 1st period - Wrist shot by Kael Mouillierat.
17:03 of 1st period - Goal by Kael Mouillierat - Monsters : 0 - Bruins : 5.
17:04 of 1st period - Jim Slater wins face-off versus Ben Street in neutral zone.
17:10 of 1st period - Minor Penalty to Brett Hextall for Roughing.
17:11 of 1st period - Jim Slater wins face-off versus Andrej Nestrasil in Monsters zone.
17:22 of 1st period - Derek Dorsett is hit by Ben Street and loses puck.
17:29 of 1st period - Wrist shot by Ben Street.
17:29 of 1st period - Shot Misses the Net.
18:35 of 1st period - Snap shot by Patrick Bordeleau.
18:35 of 1st period - Shot Misses the Net.
18:37 of 1st period - Slapshot by Raman Hrabarenka.
18:37 of 1st period - Goal by Raman Hrabarenka - Monsters : 0 - Bruins : 6.
18:38 of 1st period - Andrew Joudrey wins face-off versus Tim Sestito in neutral zone.
19:01 of 1st period - Raman Hrabarenka is hit by Farm Player39.
19:03 of 1st period - Snap shot by Tim Sestito.
19:03 of 1st period - Goal by Tim Sestito - Monsters : 0 - Bruins : 7.
19:04 of 1st period - Ben Street wins face-off versus Kael Mouillierat in neutral zone.
19:11 of 1st period - Matthew Corrente is hit by Simon Moser and loses puck.
19:48 of 1st period - Derek Dorsett and Matthew Corrente fight to a draw.
19:48 of 1st period - Penalty to Derek Dorsett for Fighting.
19:48 of 1st period - Penalty to Matthew Corrente for Fighting.
19:49 of 1st period - Jim Slater wins face-off versus Andrej Nestrasil in Monsters zone.
Goals for this period are 0 for Monsters vs 7 for Bruins.
Shots for this period are 4 for Monsters vs 10 for Bruins.

2nd period


0:01 of 2nd period - Andrej Nestrasil wins face-off versus Simon Moser in neutral zone.
0:14 of 2nd period - Snap shot by Paul Bissonnette.
0:14 of 2nd period - Shot Blocked by Patrick Bordeleau.
0:34 of 2nd period - Wrist shot by Paul Bissonnette.
0:34 of 2nd period - Shot Misses the Net.
0:36 of 2nd period - Wrist shot by Max Friberg.
0:36 of 2nd period - Shot Misses the Net.
0:52 of 2nd period - Tim Sestito is hit by Ben Street and loses puck.
1:05 of 2nd period - Wrist shot by Raphael Bussieres.
1:05 of 2nd period - Shot Misses the Net.
1:24 of 2nd period - Raphael Bussieres is hit by Jim Slater and loses puck.
1:44 of 2nd period - Slapshot by Andrew Joudrey.
1:44 of 2nd period - Stopped by Philipp Grubauer with a rebound.
2:00 of 2nd period - Justin Mercier is hit by Scott Timmins and loses puck.
2:11 of 2nd period - Brandon Alderson is hit by Andrew Joudrey and loses puck.
3:17 of 2nd period - Slapshot by Buddy Robinson.
3:17 of 2nd period - Goal by Buddy Robinson - Monsters : 0 - Bruins : 8.
3:17 of 2nd period - Farm Player80 enters game.
3:18 of 2nd period - Tim Sestito wins face-off versus Farm Player32 in neutral zone.
3:54 of 2nd period - Minor Penalty to Kael Mouillierat for Holding.
3:55 of 2nd period - Jim Slater wins face-off versus Andrej Nestrasil in Bruins zone.
3:59 of 2nd period - Slapshot by Raman Hrabarenka.
3:59 of 2nd period - Stopped by Farm Player80 with a rebound.
4:01 of 2nd period - Slapshot by Brandon Manning.
4:01 of 2nd period - Shot Blocked by Paul Bissonnette.
4:17 of 2nd period - Raman Hrabarenka is hit by Paul Bissonnette and loses puck.
4:44 of 2nd period - Jim Slater is hit by Ben Street and loses puck.
4:48 of 2nd period - Penalty to Derek Dorsett is over, Derek Dorsett is back on ice.
5:38 of 2nd period - Matthew Corrente is hit by Brandon Manning and loses puck.
5:45 of 2nd period - Snap shot by Simon Moser.
5:45 of 2nd period - Shot Misses the Net.
5:47 of 2nd period - Slapshot by Scott Timmins.
5:47 of 2nd period - Stopped by Farm Player80 with a rebound.
5:54 of 2nd period - Penalty to Kael Mouillierat is over, Kael Mouillierat is back on ice.
6:37 of 2nd period - Slapshot by Tim Sestito.
6:37 of 2nd period - Stopped by Farm Player80 with a rebound.
6:39 of 2nd period - Slapshot by Jake Newton.
6:39 of 2nd period - Shot Hit the Post.
6:41 of 2nd period - Snap shot by Buddy Robinson.
6:41 of 2nd period - Deflect By Tim Sestito.
6:41 of 2nd period - Stopped by Farm Player80 without a rebound.
6:42 of 2nd period - Patrick Bordeleau wins face-off versus Farm Player32 in Monsters zone.
6:59 of 2nd period - Snap shot by Patrick Bordeleau.
6:59 of 2nd period - Shot Misses the Net.
7:01 of 2nd period - Slapshot by Conor Allen.
7:01 of 2nd period - Stopped by Farm Player80 with a rebound.
7:03 of 2nd period - Snap shot by Simon Moser.
7:03 of 2nd period - Shot Blocked by Andrew Joudrey.
7:21 of 2nd period - Snap shot by Paul Bissonnette.
7:21 of 2nd period - Stopped by Philipp Grubauer with a rebound.
7:23 of 2nd period - Snap shot by Paul Bissonnette.
7:23 of 2nd period - Shot Misses the Net.
7:25 of 2nd period - Slapshot by Andrej Nestrasil.
7:25 of 2nd period - Shot Misses the Net.
7:27 of 2nd period - Wrist shot by Max Friberg.
7:27 of 2nd period - Deflect By Andrej Nestrasil.
7:27 of 2nd period - Stopped by Philipp Grubauer with a rebound.
7:29 of 2nd period - Snap shot by Max Friberg.
7:29 of 2nd period - Deflect By Paul Bissonnette.
7:29 of 2nd period - Shot Misses the Net.
7:29 of 2nd period - Puck is out of play.
7:30 of 2nd period - Marc Hagel wins face-off versus Andrej Nestrasil in Bruins zone.
7:34 of 2nd period - Off-side.
7:35 of 2nd period - Andrej Nestrasil wins face-off versus Scott Timmins in neutral zone.
8:55 of 2nd period - Slapshot by Paul Bissonnette.
8:55 of 2nd period - Shot Blocked by Raman Hrabarenka.
8:57 of 2nd period - Wrist shot by Andrej Nestrasil.
8:57 of 2nd period - Shot Blocked by Buddy Robinson.
9:15 of 2nd period - Ben Street is hit by Tim Sestito and loses puck.
10:02 of 2nd period - Snap shot by Derek Dorsett.
10:02 of 2nd period - Shot Misses the Net.
10:04 of 2nd period - Snap shot by Jim Slater.
10:04 of 2nd period - Deflect By Derek Dorsett.
10:04 of 2nd period - Goal by Derek Dorsett - Monsters : 0 - Bruins : 9.
10:05 of 2nd period - Kael Mouillierat wins face-off versus Ben Street in neutral zone.
11:02 of 2nd period - Wrist shot by Paul Bissonnette.
11:02 of 2nd period - Stopped by Philipp Grubauer with a rebound.
11:42 of 2nd period - Snap shot by Justin Mercier.
11:42 of 2nd period - Deflect By Andrew Joudrey.
11:42 of 2nd period - Shot Misses the Net.
11:42 of 2nd period - Puck is out of play.
11:43 of 2nd period - Scott Timmins wins face-off versus Andrew Joudrey in Bruins zone.
12:29 of 2nd period - Magnus Nygren is hit by Ben Street and loses puck.
12:36 of 2nd period - Wrist shot by Raphael Bussieres.
12:36 of 2nd period - Shot Misses the Net.
12:38 of 2nd period - Slapshot by Farm Player39.
12:38 of 2nd period - Shot Blocked by Jake Newton.
12:51 of 2nd period - Jake Newton beats up Justin Mercier.
12:51 of 2nd period - Penalty to Jake Newton for Fighting.
12:51 of 2nd period - Penalty to Justin Mercier for Fighting.
12:52 of 2nd period - Andrej Nestrasil wins face-off versus Kael Mouillierat in Bruins zone.
13:06 of 2nd period - Slapshot by Kael Mouillierat.
13:06 of 2nd period - Shot Misses the Net.
13:08 of 2nd period - Slapshot by Raman Hrabarenka.
13:08 of 2nd period - Shot Misses the Net.
13:10 of 2nd period - Snap shot by Simon Moser.
13:10 of 2nd period - Deflect By Kael Mouillierat.
13:10 of 2nd period - Shot Misses the Net.
13:10 of 2nd period - Puck is out of play.
13:11 of 2nd period - Kael Mouillierat wins face-off versus Andrej Nestrasil in Monsters zone.
14:45 of 2nd period - Snap shot by Tim Sestito.
14:45 of 2nd period - Stopped by Farm Player80 with a rebound.
14:47 of 2nd period - Snap shot by Tim Sestito.
14:47 of 2nd period - Stopped by Farm Player80 with a rebound.
14:48 of 2nd period - Matthew Corrente beats up Buddy Robinson.
14:48 of 2nd period - Penalty to Buddy Robinson for Fighting.
14:48 of 2nd period - Penalty to Matthew Corrente for Fighting.
14:48 of 2nd period - Matthew Corrente is ejected from game.
14:49 of 2nd period - Simon Moser wins face-off versus Ben Street in Monsters zone.
15:12 of 2nd period - Raphael Bussieres is hit by Simon Moser and loses puck.
15:52 of 2nd period - Wrist shot by Derek Dorsett.
15:52 of 2nd period - Shot Misses the Net.
15:55 of 2nd period - Icing by Andrej Nestrasil.
15:56 of 2nd period - Tim Sestito wins face-off versus Andrej Nestrasil in Monsters zone.
16:03 of 2nd period - Tim Sestito is hit by Max Friberg and loses puck.
16:14 of 2nd period - Snap shot by Tim Sestito.
16:14 of 2nd period - Stopped by Farm Player80 with a rebound.
16:57 of 2nd period - Slapshot by Jim Slater.
16:57 of 2nd period - Shot Blocked by Andrew Joudrey.
17:03 of 2nd period - Snap shot by Derek Dorsett.
17:03 of 2nd period - Shot Misses the Net.
17:44 of 2nd period - Snap shot by Ben Street.
17:44 of 2nd period - Stopped by Philipp Grubauer with a rebound.
18:16 of 2nd period - Snap shot by Max Friberg.
18:16 of 2nd period - Stopped by Philipp Grubauer with a rebound.
19:24 of 2nd period - Wrist shot by Jim Slater.
19:24 of 2nd period - Shot Blocked by Farm Player17.
19:50 of 2nd period - Tim Sestito is hit by Andrej Nestrasil and loses puck.
Goals for this period are 0 for Monsters vs 2 for Bruins.
Shots for this period are 6 for Monsters vs 10 for Bruins.

3rd period


0:01 of 3rd period - Max Friberg wins face-off versus Jim Slater in neutral zone.
0:13 of 3rd period - Off-side.
0:14 of 3rd period - Jim Slater wins face-off versus Max Friberg in neutral zone.
0:44 of 3rd period - Dmitry Korobov is hit by Paul Bissonnette and loses puck.
0:50 of 3rd period - Derek Dorsett beats up Paul Bissonnette.
0:50 of 3rd period - Penalty to Derek Dorsett for Fighting.
0:50 of 3rd period - Penalty to Paul Bissonnette for Fighting.
0:51 of 3rd period - Ben Street wins face-off versus Kael Mouillierat in Bruins zone.
1:12 of 3rd period - Snap shot by Kael Mouillierat.
1:12 of 3rd period - Shot Blocked by Raphael Bussieres.
1:48 of 3rd period - Max Friberg is hit by Tim Sestito and loses puck.
1:59 of 3rd period - Snap shot by Tim Sestito.
1:59 of 3rd period - Stopped by Farm Player80 with a rebound.
2:03 of 3rd period - Slapshot by Buddy Robinson.
2:03 of 3rd period - Shot Misses the Net.
2:05 of 3rd period - Snap shot by Tim Sestito.
2:05 of 3rd period - Shot Misses the Net.
2:21 of 3rd period - Snap shot by Jim Slater.
2:21 of 3rd period - Shot Blocked by Andrej Nestrasil.
2:23 of 3rd period - Snap shot by Jim Slater.
2:23 of 3rd period - Shot Hit the Post.
2:37 of 3rd period - Raman Hrabarenka is hit by Andrew Joudrey and loses puck.
2:57 of 3rd period - Brett Hextall is hit by Brandon Manning and loses puck.
3:52 of 3rd period - Wrist shot by Scott Timmins.
3:52 of 3rd period - Shot Blocked by Justin Mercier.
3:54 of 3rd period - Snap shot by Scott Timmins.
3:54 of 3rd period - Deflect By Marc Hagel.
3:54 of 3rd period - Shot Blocked by Farm Player18.
3:54 of 3rd period - Puck is out of play.
3:55 of 3rd period - Tanner Richard wins face-off versus Tim Sestito in Monsters zone.
4:08 of 3rd period - Snap shot by Tim Sestito.
4:08 of 3rd period - Stopped by Farm Player80 with a rebound.
4:55 of 3rd period - Icing by Brett Hextall.
4:56 of 3rd period - Ben Street wins face-off versus Jim Slater in Monsters zone.
6:07 of 3rd period - Tanner Richard is hit by Magnus Nygren.
8:15 of 3rd period - Raphael Bussieres is hit by Simon Moser and loses puck.
8:22 of 3rd period - Snap shot by Justin Mercier.
8:22 of 3rd period - Deflect By Raphael Bussieres.
8:22 of 3rd period - Shot Misses the Net.
8:22 of 3rd period - Puck is out of play.
8:23 of 3rd period - Justin Mercier wins face-off versus Patrick Cehlin in Bruins zone.
8:36 of 3rd period - Snap shot by Buddy Robinson.
8:36 of 3rd period - Stopped by Farm Player80 with a rebound.
8:47 of 3rd period - Minor Penalty to Conor Allen for Hooking.
8:48 of 3rd period - Jim Slater wins face-off versus Andrej Nestrasil in Bruins zone.
9:04 of 3rd period - Snap shot by Andrej Nestrasil.
9:04 of 3rd period - Shot Blocked by Anton Lander.
9:06 of 3rd period - Snap shot by Paul Bissonnette.
9:06 of 3rd period - Stopped by Philipp Grubauer with a rebound.
9:49 of 3rd period - Dmitry Korobov is hit by Andrej Nestrasil and loses puck.
10:23 of 3rd period - Max Friberg is hit by Derek Dorsett and loses puck.
10:47 of 3rd period - Penalty to Conor Allen is over, Conor Allen is back on ice.
10:59 of 3rd period - Patrick Cehlin is hit by Raphael Bussieres and loses puck.
11:11 of 3rd period - Minor Penalty to Farm Player27 for Hooking.
11:12 of 3rd period - Kael Mouillierat wins face-off versus Andrej Nestrasil in Monsters zone.
11:12 of 3rd period - Snap shot by Patrick Bordeleau.
11:12 of 3rd period - Shot Misses the Net.
11:14 of 3rd period - Slapshot by Patrick Bordeleau.
11:14 of 3rd period - Goal by Patrick Bordeleau - Monsters : 0 - Bruins : 10.
11:15 of 3rd period - Tim Sestito wins face-off versus Andrew Joudrey in neutral zone.
11:24 of 3rd period - Slapshot by Tim Sestito.
11:24 of 3rd period - Stopped by Farm Player80 with a rebound.
11:37 of 3rd period - Minor Penalty to Farm Player39 for Slashing.
11:38 of 3rd period - Jim Slater wins face-off versus Andrej Nestrasil in Monsters zone.
12:09 of 3rd period - Wrist shot by Jim Slater.
12:09 of 3rd period - Deflect By Andrej Nestrasil.
12:09 of 3rd period - Shot Blocked by Andrej Nestrasil.
12:09 of 3rd period - Puck is out of play.
12:10 of 3rd period - Kael Mouillierat wins face-off versus Andrej Nestrasil in Monsters zone.
12:16 of 3rd period - Snap shot by Patrick Bordeleau.
12:16 of 3rd period - Stopped by Farm Player80 with a rebound.
12:18 of 3rd period - Snap shot by Simon Moser.
12:18 of 3rd period - Shot Blocked by Farm Player13.
12:20 of 3rd period - Backhand shot by Brandon Manning.
12:20 of 3rd period - Shot Hit the Post.
12:22 of 3rd period - Wrist shot by Kael Mouillierat.
12:22 of 3rd period - Stopped by Farm Player80 without a rebound.
12:23 of 3rd period - Andrej Nestrasil wins face-off versus Kael Mouillierat in Monsters zone.
12:23 of 3rd period - Andrej Nestrasil is hit by Kael Mouillierat.
12:51 of 3rd period - Minor Penalty to Brandon Manning for Roughing.
12:52 of 3rd period - Jim Slater wins face-off versus Andrej Nestrasil in Bruins zone.
13:09 of 3rd period - Wrist shot by Jim Slater.
13:09 of 3rd period - Stopped by Farm Player80 with a rebound.
13:34 of 3rd period - Wrist shot by Ben Street.
13:34 of 3rd period - Shot Misses the Net.
13:37 of 3rd period - Penalty to Farm Player39 is over, Farm Player39 is back on ice.
14:40 of 3rd period - Off-side.
14:41 of 3rd period - Jim Slater wins face-off versus Ben Street in neutral zone.
14:51 of 3rd period - Penalty to Brandon Manning is over, Brandon Manning is back on ice.
14:54 of 3rd period - Slapshot by Ben Street.
14:54 of 3rd period - Shot Misses the Net.
14:56 of 3rd period - Slapshot by Ben Street.
14:56 of 3rd period - Shot Misses the Net.
14:58 of 3rd period - Slapshot by Raphael Bussieres.
14:58 of 3rd period - Stopped by Philipp Grubauer with a rebound.
16:00 of 3rd period - Raman Hrabarenka is hit by Farm Player27.
16:56 of 3rd period - Paul Bissonnette is hit by Scott Timmins and loses puck.
18:22 of 3rd period - Marc Hagel is hit by Farm Player33 and loses puck.
18:50 of 3rd period - Conor Allen is hit by Max Friberg.
19:30 of 3rd period - Slapshot by Andrew Joudrey.
19:30 of 3rd period - Shot Misses the Net.
19:32 of 3rd period - Slapshot by Farm Player27.
19:32 of 3rd period - Shot Blocked by Anton Lander.
Goals for this period are 0 for Monsters vs 1 for Bruins.
Shots for this period are 2 for Monsters vs 8 for Bruins.


Output by the SimonT Hockey Simulator (STHS) for Eric Dolegowski -- Original Page W3C XHTML 1.0 Valid
Hockey Simulator - Hockey Simulation - Hockey Manager